 Dungeon Crawl Stone Soup version 0.28.0-49-g6dfe1f597d (webtiles) character file.

Game seed: 11799900584103519254

147253 olmar the Tortoise (level 16, -3/150 HPs)
             Began as a Deep Dwarf Fighter on May 2, 2022.
             Was an Elder of Makhleb.
             Slain by an enormous slime creature (39 damage)
             ... on level 15 of the Dungeon on May 13, 2022.
             The game lasted 01:46:34 (38214 turns).

olmar the Tortoise (Deep Dwarf Fighter)            Turns: 38214, Time: 01:46:35

Health: -3/150     AC: 21    Str: 28    XL:     16   Next: 91%
Magic:  1/1        EV:  8    Int: 12    God:    Makhleb [****..]
Gold:   562        SH: 18    Dex: 12    Spells: 15/15 levels left

rFire   + . .      SeeInvis +   Q - +11 rapier "Killer Bee's Death" {drain, rN+}
rCold   + . .      Faith    .   W - +0 kite shield
rNeg    + + .      Spirit   .   S - +1 chain mail "Ukodus" {rF+ rCorr SInv}
rPois   .          Reflect  +   t - +1 helmet {Int+3}
rElec   .          Harm     .   P - +0 cloak
rCorr   +          Rampage  .   y - +1 pair of gloves
Will    ++...                   (no boots)
Stlth   ..........              i - amulet of reflection
HPRegen 0.00/turn               A - ring of see invisible
MPRegen 0.07/turn               R - ring of protection from cold

@: mighty
A: damage resistance, heal wounds, negative energy resistance 1, sense
surroundings 2, no regeneration
a: Heal Wounds, Renounce Religion, Minor Destruction, Lesser Servant of Makhleb,
Major Destruction


You were on level 15 of the Dungeon.
You worshipped Makhleb.
Makhleb was greatly pleased with you.
You visited 7 branches of the dungeon, and saw 27 of its levels.
You also visited: Sewer.

You collected 2681 gold pieces.
You spent 2119 gold pieces at shops.

Inventory:

Hand Weapons
 M - a +0 eveningstar of draining
 Q - the +11 rapier "Killer Bee's Death" (weapon) {drain, rN+}
   (You bought it in a shop on level 2 of the Orcish Mines)

   A truly terrible weapon, it drains the life of any living foe it strikes.
   rN:        It protects you from negative energy.
Missiles
 O - 2 javelins (quivered)
 U - a curare-tipped dart
Armour
 t - a +1 helmet of intelligence (worn)
 y - a +1 pair of gloves (worn)
 P - a +0 cloak (worn)
 S - the +1 chain mail "Ukodus" (worn) {rF+ rCorr SInv}
   (You found it on level 4 of the Lair of Beasts)

   rF:        It protects you from fire.
   SInv:      It lets you see invisible.
   rCorr:     It protects you from acid and corrosion.
 V - a +1 chain mail of poison resistance
 W - a +0 kite shield (worn)
Jewellery
 c - an amulet of the acrobat
 i - an amulet of reflection (around neck)
 A - a ring of see invisible (left hand)
 N - the ring of Mify {MP+9 Int+4}
   (You found it on level 6 of the Lair of Beasts)

   [ring of magical power]

   Int:       It affects your intelligence (+4).
   MP:        It affects your magic capacity (+9).
 R - a ring of protection from cold (right hand)
Wands
 H - a wand of digging (13)
Scrolls
 e - a scroll of enchant weapon
 f - 12 scrolls of teleportation
 n - 4 scrolls of blinking
 o - 3 scrolls of fear
 p - 8 scrolls of noise
 s - a scroll of silence
 u - 4 scrolls of vulnerability
 v - 4 scrolls of amnesia
 z - 2 scrolls of summoning
 B - a scroll of torment
 C - 3 scrolls of magic mapping
 D - 4 scrolls of fog
 G - 2 scrolls of enchant armour
 I - a scroll of brand weapon
 Z - a scroll of holy word
Potions
 b - 2 potions of lignification
 d - a potion of might
 h - 8 potions of brilliance
 j - 5 potions of curing
 k - 4 potions of flight
 l - 6 potions of haste
 q - 3 potions of resistance
 r - 6 potions of magic
 w - 5 potions of cancellation
 x - a potion of berserk rage
 E - a potion of mutation
 F - 2 potions of attraction
 K - 3 potions of degeneration
Miscellaneous
 a - a phial of floods (inert)
 g - a piece from Xom's chessboard (14/15)


   Skills:
 - Level 11.1 Fighting
 * Level 6.9 Short Blades
 - Level 6.9(12.1) Axes
 - Level 13.1(13.6) Polearms
 - Level 6.1 Throwing
 - Level 15.2 Armour
 - Level 14.8 Shields
 + Level 0.2 Unarmed Combat
 - Level 9.4 Invocations


You had 15 spell levels left.
You didn't know any spells.
Your spell library contained the following spells:

 Spells                   Type           Power      Damage    Failure   Level
 Summon Small Mammal      Summ           0%         N/A       90%         1
 Ensorcelled Hibernation  Hex/Ice        0%         N/A       97%         2
 Scorch                   Fire           0%         2d5       97%         2
 Call Canine Familiar     Summ           0%         N/A       99%         3
 Frozen Ramparts          Ice            0%         1d2       99%         3
 Gell's Gravitas          Tloc           0%         N/A       99%         3
 Ignite Poison            Fire/Tmut/Pois 0%         N/A       99%         3
 Lesser Beckoning         Tloc           0%         N/A       99%         3
 Spider Form              Tmut/Pois      0%         N/A       99%         3
 Stone Arrow              Conj/Erth      0%         3d7       99%         3
 Summon Guardian Golem    Hex/Summ       0%         N/A       99%         3
 Teleport Other           Tloc           0%         N/A       99%         3
 Anguish                  Hex/Necr       0%         N/A       100%        4
 Animate Armour           Summ/Erth      0%         N/A       100%        4
 Cause Fear               Hex            0%         N/A       100%        4
 Flame Wave               Conj/Fire      0%         2d4       100%        4
 Hailstorm                Conj/Ice       0%         3d3       100%        4
 Ice Form                 Ice/Tmut       0%         N/A       100%        4
 Summon Ice Beast         Ice/Summ       0%         N/A       100%        4
 Freezing Cloud           Conj/Ice/Air   0%         6-21      100%        5
 Simulacrum               Ice/Necr       0%         N/A       100%        6
 Summon Cactus Giant      Summ           0%         N/A       100%        6
 Dragon Form              Tmut           0%         N/A       100%        7
 Lehudib's Crystal Spear  Conj/Erth      0%         10d2      100%        8
 Dragon's Call            Summ           0%         N/A       100%        9
 Fire Storm               Conj/Fire      0%         5d1       100%        9
 Polar Vortex             Ice            0%         N/A       100%        9


Dungeon Overview and Level Annotations

Branches:
Dungeon (15/15)            Temple (1/1) D:4            Lair (6/6) D:9
 Shoals (1/4) Lair:3       Spider (1/4) Lair:4        Slime (0/5) Lair:6
    Orc (2/2) D:9             Elf (1/3) Orc:2        Vaults (0/5) D:13
  Sewer (visited)
 Depths: D:15

Altars:
Ashenzari
Cheibriados
Dithmenos
Elyvilon
Fedhas
Gozag
Hepliaklqana
Kikubaaqudgha
Makhleb
Nemelex Xobeh
Okawaru
Qazlal
Ru
Sif Muna
Trog
Uskayaw
Vehumet
Wu Jian
Xom
Yredelemnul
Zin
The Shining One
Beogh
Jiyva

Shops:
D:8 (![   Orc:1 [(?(!   Orc:2 (?*!

Portals:
Abyss: D:6

Annotations:
Lair:6 1 runed translucent door
Shoals:1 3 runed translucent doors, SuperSeabass's ghost, adept DsWr


Innate Abilities, Weirdness & Mutations

You are resistant to damage.
You can heal yourself by infusing magical energy.
You resist negative energy. (rN+)
You passively map the area around you.
You do not regenerate.


Message History

You impale the enormous slime creature!!
You drain the enormous slime creature.
The enormous slime creature is heavily wounded.
The slime creature hits you!
* * * LOW HITPOINT WARNING * * *
An enormous slime creature splits.
Unknown command.
Unknown command.
The sentinel's mark upon you fades away.
A large slime creature splits.
A large slime creature splits.
You puncture the slime creature!
The slime creature is heavily wounded.
Two slime creatures merge to form a large slime creature.
You block the slime creature's attack.
Two slime creatures merge to form a large slime creature.
Unknown command.
Unknown command.
Unknown command.
You impale the large slime creature!! You drain the large slime creature.
The large slime creature is severely wounded.
The slime creature hits you!
* * * LOW HITPOINT WARNING * * *
Unknown command.
Unknown command.
You puncture the large slime creature!
The large slime creature is almost dead.
Two slime creatures merge to form an enormous slime creature.
The slime creature hits you but does no damage.
Unknown command.
Unknown command.
You impale the enormous slime creature!!
You drain the enormous slime creature!
The enormous slime creature is severely wounded.
The slime creature hits you.
* * * LOW HITPOINT WARNING * * *
Unknown command.
Unknown command.
You feel much better. The enormous slime creature hits you!!!
You die...

................#.(.# *
, ,,
###############.#...###
, #.#.....#,, *
#.#.....#,, ,
#.#.....#, #.#.....#, *
#.#.....# *,*
#.#J....#, * #.@J....#
###..#..# ,* #........
* ##.######* * #.. *
#### * **


You could see an enormous slime creature (drained) and a slime creature
(drained).

Vanquished Creatures
  Kirke (D:12)
  A kraken (Shoals:1)
  A deep elf elementalist (Elf:1)
  A spark wasp (Spider:1)
  2 merfolk impalers (Shoals:1)
  Harold (Lair:1)
  4 hydras
  4 boulder beetles
  5 centaur warriors
  7 death yaks
  7 two-headed ogres
  2 dancing weapons (Elf:1)
  A tengu warrior (D:14)
  Urug (D:13)
  Nergalle (Lair:2)
  2 deep elf knights (Elf:1)
  7 skeletal warriors
  A sea snake (D:11)
  A glowing orange brain (D:12)
  A deep elf archer (Elf:1)
  7 orc knights (Orc:2)
  5 deep elf pyromancers
  3 deep elf zephyrmancers (Elf:1)
  2 ugly things (D:13)
  6 cyclopes
  2 manticores
  8 elephants
  The ghost of Lambsauce the Covered, a novice MiFi (D:6)
  5 black mambas
  A gargoyle (D:13)
  A toenail golem (D:6)
  A water nymph (Shoals:1)
  An apocalypse crab (Shoals:1)
  An unseen horror (D:12)
  20 cane toads
  An efreet (D:13)
  10 komodo dragons
  2 tengu conjurers
  6 trolls
  2 merfolk (Shoals:1)
  3 meliai (D:14)
  A tyrant leech (Lair:6)
  20 blink frogs
  2 polar bears
  A hornet (Lair:1)
  Prince Ribbit (D:5)
  A snapping turtle (Shoals:1)
  4 slime creatures
  A jumping spider (Lair:4)
  A culicivora (shapeshifter) (D:9)
  A shadow (D:9)
  A vampire (D:11)
  6 wyverns
  A culicivora (Spider:1)
  2 water elementals (D:13)
  55 yaks
  A redback (Lair:4)
  6 basilisks
  A wraith (D:9)
  4 small abominations (D:6)
  A chaos spawn (D:6)
  9 humans (D:13)
  A steam dragon (D:9)
  13 vampire mosquitoes
  3 wargs
  An acid dragon (D:11)
  20 water moccasins
  Duvessa (D:6)
  3 ice beasts
  33 orc warriors
  4 black bears
  2 sky beasts (D:7)
  A necrophage (D:5)
  A hornet zombie (D:5)
  10 wolves (Lair:2)
  4 ogres
  6 centaurs
  A phantom (D:6)
  Blork the orc (D:5)
  7 kobold brigands
  9 bullfrogs
  3 scorpions
  2 water moccasin skeletons
  Dowan (D:6)
  15 killer bees
  10 wights
  4 howler monkeys
  11 electric eels
  3 centaur zombies
  Crazy Yiuf (D:6)
  4 jellies
  2 gnoll shamans
  12 orc priests
  2 bullfrog skeletons
  3 iron imps (D:8)
  5 iguanas
  14 orc wizards
  A killer bee zombie (D:9)
  A howler monkey zombie (D:9)
  10 gnolls
  8 adders
  A shadow imp (D:6)
  2 ufetubi
  2 worms
  A dart slug (D:7)
  75 orcs
  18 endoplasms
  10 giant cockroaches
  6 goblins
  11 hobgoblins
  4 jackals (D:2)
  7 quokkas
  10 ball pythons
  6 bats
  A frilled lizard (D:2)
  26 kobolds
  26 rats
698 creatures vanquished.

Vanquished Creatures (collateral kills)
  2 hydras
  2 death yaks
  Sonja (Lair:1)
  2 elephants
  A rime drake (Lair:3)
  2 cane toads
  A komodo dragon (Lair:4)
  2 tyrant leeches (Lair:6)
  4 blink frogs
  A jumping spider (Lair:4)
  A wyvern (Lair:4)
  7 yaks
  A redback (Lair:4)
  2 water moccasins
  2 orc warriors (Orc:2)
31 creatures vanquished.

Vanquished Creatures (others)
  12 humans (D:13)
  29 fungi
  100 plants
  25 tentacles (Shoals:1)
166 creatures vanquished.

Grand Total: 895 creatures vanquished

Notes
Turn   | Place    | Note
-------+----------+-------------------------------------------
     0 | D:1      | olmar the Deep Dwarf Fighter began the quest for the Orb.
     0 | D:1      | Reached XP level 1. HP: 20/20 MP: 1/1
   213 | D:1      | Reached XP level 2. HP: 25/27 MP: 2/2
   530 | D:1      | Reached XP level 3. HP: 21/34 MP: 3/3
  1016 | D:2      | Found a faded altar of an unknown god.
  1397 | D:2      | Reached XP level 4. HP: 17/42 MP: 4/4
  2032 | D:3      | Reached skill level 4 in Armour
  2312 | D:3      | Reached XP level 5. HP: 12/49 MP: 5/5
  2711 | D:4      | Found a glowing drain.
  2748 | Sewer    | Entered a sewer
  2808 | Sewer    | Reached XP level 6. HP: 20/56 MP: 6/6
  2871 | Sewer    | Reached skill level 5 in Axes
  3101 | D:4      | Identified the +4 spear of Ocool {vorpal, *Rage rF+ Str+3
                  | Dex+2}
  3232 | D:4      | Found a staircase to the Ecumenical Temple.
  3242 | D:4      | Reached XP level 7. HP: 53/63 MP: 7/7
  3409 | D:4      | Reached skill level 5 in Shields
  4021 | D:4      | Reached skill level 5 in Armour
  4127 | D:4      | Reached skill level 1 in Polearms
  4772 | D:5      | Entered Level 5 of the Dungeon
  4844 | D:5      | Noticed Prince Ribbit
  4846 | D:5      | Noticed Blork the orc
  4851 | D:5      | Reached XP level 8. HP: 72/72 MP: 8/8
  4864 | D:5      | Killed Prince Ribbit
  4865 | D:5      | Reached skill level 6 in Armour
  4867 | D:5      | Killed Blork the orc
  5615 | D:6      | Found a broken altar of Ashenzari.
  5615 | D:6      | Found a glowing golden altar of the Shining One.
  5963 | D:6      | Found a transporter.
  5975 | D:6      | Found a one-way gate to the infinite horrors of the Abyss.
  5975 | D:6      | Noticed Lambsauce's ghost (novice MiFi)
  5981 | D:6      | Noticed a toenail golem
  5986 | D:6      | Found a transporter.
  6098 | D:6      | Found a runed translucent door.
  6099 | D:6      | Noticed Crazy Yiuf
  6318 | D:6      | Gained mutation: You passively map the area around you.
                  | [Deep Dwarf growth]
  6318 | D:6      | Reached XP level 9. HP: 75/80 MP: 9/9
  6439 | D:6      | Noticed Duvessa
  6440 | D:6      | Noticed Dowan
  6448 | D:6      | Killed Duvessa
  6449 | D:6      | Killed Dowan
  6743 | D:7      | Reached skill level 5 in Fighting
  6823 | D:7      | Reached skill level 5 in Polearms
  6843 | D:7      | Reached skill level 7 in Armour
  7002 | D:7      | Found a shimmering altar of Xom.
  7055 | D:7      | You fall into a shaft and drop 2 floors!
  7062 | D:9      | Noticed a two-headed ogre
  7082 | D:9      | Noticed a cyclops
  7082 | D:9      | Noticed a two-headed ogre
  7099 | D:9      | Noticed a boulder beetle
  7130 | D:9      | Reached skill level 1 in Throwing
  7423 | D:8      | Found Anukh's Armour Shop.
  7670 | D:7      | Reached XP level 10. HP: 69/88 MP: 8/8
  9101 | D:8      | Found Vatent's Antique Weapon Boutique.
  9399 | D:8      | Noticed a cyclops
  9405 | D:8      | Reached skill level 8 in Armour
  9409 | D:8      | Killed a cyclops
  9417 | D:8      | Found Ynuimetso's Distillery.
  9426 | D:8      | Bought a potion of invisibility for 120 gold pieces
  9426 | D:8      | Bought a potion of heal wounds for 75 gold pieces
  9482 | D:8      | Got the Reference Book on the Arsonist and Confrontation
  9603 | Temple   | Entered the Ecumenical Temple
 10532 | D:8      | Found a burning altar of Makhleb.
 10562 | D:8      | Became a worshipper of Makhleb the Destroyer
 11305 | D:9      | Noticed a two-headed ogre
 11313 | D:9      | Killed a two-headed ogre
 11314 | D:9      | Reached skill level 9 in Armour
 11443 | D:9      | Found a staircase to the Lair.
 11452 | D:9      | Reached * piety under Makhleb
 12040 | D:9      | Found a staircase to the Orcish Mines.
 12086 | D:9      | Killed a two-headed ogre
 12087 | D:9      | Reached XP level 11. HP: 84/97 MP: 7/7
 12139 | D:9      | Noticed a deep troll
 12268 | D:9      | Killed a two-headed ogre
 12707 | D:9      | Killed a boulder beetle
 13003 | Lair:1   | Entered Level 1 of the Lair of Beasts
 13051 | D:10     | Entered Level 10 of the Dungeon
 13095 | D:10     | Found a sparkling altar of Nemelex Xobeh.
 13131 | D:10     | Reached skill level 10 in Armour
 14089 | D:6      | Killed Crazy Yiuf
 14386 | D:10     | Noticed a two-headed ogre
 14409 | D:10     | Killed a two-headed ogre
 14749 | D:11     | Noticed a boulder beetle
 15130 | D:11     | Reached ** piety under Makhleb
 15194 | D:11     | Noticed a two-headed ogre
 15211 | D:11     | Killed a two-headed ogre
 15385 | D:11     | Killed a boulder beetle
 15386 | D:11     | Reached XP level 12. HP: 43/109 MP: 6/6
 15464 | D:11     | Noticed a two-headed ogre
 15466 | D:11     | a two-headed ogre changed into a sea snake
 15480 | D:11     | Reached skill level 5 in Throwing
 15480 | D:11     | Reached skill level 11 in Armour
 15480 | D:11     | Reached skill level 10 in Shields
 15936 | Orc:1    | Entered Level 1 of the Orcish Mines
 15937 | Orc:1    | Upgraded the game from 0.28.0-47-ge53b351184 to
                  | 0.28.0-49-g6dfe1f597d
 16133 | D:12     | Noticed a two-headed ogre
 16134 | D:12     | a two-headed ogre changed into a glowing orange brain
 16146 | D:12     | Noticed a two-headed ogre
 16159 | D:12     | Killed a two-headed ogre
 16459 | D:12     | Reached skill level 10 in Polearms
 16507 | D:12     | Noticed a boulder beetle
 16522 | D:12     | Killed a boulder beetle
 17454 | D:5      | Reached XP level 13. HP: 31/117 MP: 4/8
 17574 | D:6      | Killed Lambsauce's ghost
 17575 | D:6      | Reached skill level 12 in Armour
 18447 | D:13     | Noticed Urug
 18447 | D:13     | Found a gate to the Vaults.
 18525 | D:13     | Killed Urug
 18525 | D:13     | Reached *** piety under Makhleb
 18967 | D:13     | Noticed Kirke
 19604 | Lair:1   | Noticed Sonja
 19630 | Lair:1   | Killed Sonja
 19631 | Lair:1   | Reached skill level 5 in Invocations
 20676 | Lair:1   | Noticed Harold
 20692 | Lair:1   | Killed Harold
 21698 | Lair:2   | Gained mutation: You resist negative energy. (rN+) [Deep
                  | Dwarf growth]
 21698 | Lair:2   | Reached XP level 14. HP: 39/127 MP: 10/10
 21938 | Lair:2   | Noticed Nergalle
 21953 | Lair:2   | Killed Nergalle
 22014 | Lair:2   | Reached skill level 13 in Armour
 23321 | Lair:3   | Reached **** piety under Makhleb
 24202 | Lair:3   | Found a staircase to the Shoals.
 24865 | Lair:4   | Found a hole to the Spider Nest.
 25204 | Lair:4   | Identified the +1 chain mail "Ukodus" {rF+ rCorr SInv}
 26341 | Lair:4   | Reached skill level 10 in Fighting
 27106 | Lair:5   | Found a sacrificial altar of Ru.
 27184 | Lair:5   | Reached skill level 14 in Armour
 27714 | Lair:6   | Entered Level 6 of the Lair of Beasts
 27843 | Lair:6   | Reached XP level 15. HP: 36/138 MP: 12/12
 27902 | Lair:6   | Reached XP level 16. HP: 80/147 MP: 11/13
 29118 | Lair:6   | HP: 7/148 [poisoned by a cane toad]
 29732 | Lair:6   | Found a runed translucent door.
 29733 | Lair:6   | Found a viscous altar of Jiyva.
 29760 | Lair:6   | Found a staircase to the Slime Pits.
 29962 | Lair:6   | Identified the ring of Mify {MP+9 Int+4}
 30789 | Orc:1    | Found Luiryebe's Weapon Boutique.
 30976 | Orc:1    | Found Wukkeg's Weapon Boutique.
 31025 | Orc:1    | Found Ysafai Fede's Magic Scroll Shoppe.
 31058 | Orc:1    | Bought a scroll of identify for 30 gold pieces
 31058 | Orc:1    | Bought a scroll of identify for 30 gold pieces
 31058 | Orc:1    | Bought a scroll of magic mapping for 52 gold pieces
 31088 | Orc:1    | Found Deaf's Distillery.
 31095 | Orc:1    | Bought a potion of berserk rage for 70 gold pieces
 31095 | Orc:1    | Bought a potion of heal wounds for 70 gold pieces
 31095 | Orc:1    | Bought a potion of curing for 42 gold pieces
 31095 | Orc:1    | Bought a potion of haste for 140 gold pieces
 31095 | Orc:1    | Bought a potion of haste for 140 gold pieces
 31095 | Orc:1    | Bought a potion of curing for 42 gold pieces
 31095 | Orc:1    | Bought a potion of curing for 42 gold pieces
 31241 | Orc:1    | Found Muonn's Armour Boutique.
 31285 | Orc:2    | Entered Level 2 of the Orcish Mines
 31497 | Orc:2    | Reached skill level 15 in Armour
 31782 | Orc:2    | Reached ***** piety under Makhleb
 32289 | Orc:2    | Found a staircase to the Elven Halls.
 33649 | Orc:2    | Found Vuso's Distillery.
 33649 | Orc:2    | Found Ygrauluo's Assorted Antiques.
 33695 | Orc:2    | Bought a potion of curing for 36 gold pieces
 33695 | Orc:2    | Bought 2 potions of curing for 72 gold pieces
 33695 | Orc:2    | Bought a potion of mutation for 96 gold pieces
 33695 | Orc:2    | Bought a potion of curing for 36 gold pieces
 33695 | Orc:2    | Bought a potion of curing for 36 gold pieces
 33695 | Orc:2    | Bought a potion of curing for 36 gold pieces
 33728 | Orc:2    | Found Pogouliu's Magic Scroll Boutique.
 33728 | Orc:2    | Found Fefeur's Weapon Shoppe.
 33743 | Orc:2    | Bought the +11 rapier "Killer Bee's Death" {drain, rN+} for
                  | 954 gold pieces
 34095 | D:12     | Killed Kirke
 34175 | D:13     | Reached skill level 1 in Short Blades
 34558 | Elf:1    | Entered Level 1 of the Elven Halls
 34854 | Spider:1 | Entered Level 1 of the Spider Nest
 36333 | D:14     | Reached skill level 5 in Short Blades
 36910 | D:14     | Found a basalt altar of Yredelemnul.
 36952 | D:15     | Entered Level 15 of the Dungeon
 37137 | Shoals:1 | Entered Level 1 of the Shoals
 37296 | Shoals:1 | Found a runed translucent gate.
 37297 | Shoals:1 | Found a runed translucent gate.
 37298 | Shoals:1 | Noticed SuperSeabass's ghost (adept DsWr)
 37323 | Shoals:1 | Found a runed translucent gate.
 37424 | Shoals:1 | Identified the +6 falchion of Wiah {venom, +Blink rElec rF-
                  | Int+5}
 37584 | Shoals:1 | Noticed a kraken
 37632 | Shoals:1 | HP: 5/150 [kraken (18)]
 37639 | Shoals:1 | Killed a kraken
 38214 | D:15     | Slain by an enormous slime creature

Illustrated notes

Levels and vault maps discovered:
D:1:      dpeg_arrival_shelter, layout_loops_corners
D:2:      layout_basic, shapermc_ecumenical_altar_mp_ritualfount,
          serial_co_window_serial, co_window_paths_a, co_window_corner_a,
          co_window_paths_b, co_window_paths_b, co_window_paths_b,
          co_window_paths_a, co_window_2corner, co_window_2corner,
          co_window_corner_b, co_window_4corner_a, glass_columns_b,
          glass_columns_c, minmay_rat_hole
D:3:      layout_loops_ring, serial_aquarium, aquarium_bridge_straight
          [aquarium_subvault_bridge, aquarium_subvault_window,
          aquarium_subvault_bridge, aquarium_subvault_wall], aquarium_window_1,
          aquarium_window_double, aquarium_window_fake, aquarium_view_2d,
          aquarium_pool_side, minmay_randomly_rotated_circles
D:4:      cheibrodos_helix_gallery, layout_loops_corners,
          minmay_temple_entry_glass, portal_sewer_entry_f
D:5:      layout_rooms, nicolae_grassy_gnolls, uniq_prince_ribbit1,
          uniq_blork_the_orc
D:6:      layout_basic, gammafunk_temple_overflow_pools,
          gammafunk_ghost_abyssal_escape, nrook_mini_vaults,
          uniq_crazy_yiuf_cottage, uniq_duvessa
D:7:      layout_basic, tgw_xom, serial_bayou, serial_bayou_pond_d,
          serial_bayou_lagoon_a, serial_bayou_pond_b, serial_bayou_shore_b
D:8:      layout_rooms, demons_altar, serial_shops, shop,
          nicolae_inconvenience_store, nicolae_shop_hallway_stairs,
          small_statue_intersection
D:9:      layout_basic, david_lair_generic, hiddenorc1_lemuel,
          minmay_fractal_squares_gapless_7
D:10:     layout_loops_ring, kennysheep_mini_moat, kennysheep_generic_room_5
D:11:     layout_rooms
D:12:     layout_basic
D:13:     layout_basic, david_vaults_3, uniq_kirke
D:14:     layout_roguey, lemuel_coloured_pillars_altar
D:15:     hangedman_depths_entry_civil_slaughter, layout_basic,
          chequers_decorated_corner, uniq_roxanne
Temple:   minmay_crystal_spiral_temple
Lair:1:   layout_cave_shapes, infiniplex_staircase_pool, uniq_sonja, uniq_harold
Lair:2:   layout_chaotic_city, lemuel_fruit_tree, uniq_nergalle
Lair:3:   layout_layer_cave, shoals_dummy_entry
Lair:4:   layout_regular_city, spider_nest_entry_a,
          nicolae_quartered_pool_little, serial_bayou_shore_b,
          grunt_megastairs_1
Lair:5:   layout_regular_city, basic_altar, gammafunk_lair_bear_cave,
          serial_bayou_shore_a
Lair:6:   minmay_lair_end_frog_pond, layout_hall_layers, slime_altar_2
Shoals:1: dreamdust_from_the_deep, layout_shoals, gammafunk_ghost_split
Spider:1: layout_spider_delve, gammafunk_ghost_cemetery, uniq_frances
Orc:1:    layout_caves, serial_shops, shop, shop, nicolae_shop_statue_plus,
          shop, shop
Orc:2:    st_orc_town, layout_caves
Elf:1:    eino_elf_arrival_the_gate, layout_geoelf_grid, minmay_elf_sorcery,
          nicolae_take_the_stairs, nicolae_concentric_dashed_squares_mild,
          uniq_azrael

Skill      XL: |  1  2  3  4  5  6  7  8  9 10 11 12 13 14 15 16 |
---------------+-------------------------------------------------+-----
Fighting       | 3 4 5 6 7 8 10 11 | 11.1
Axes           | 3 4 5 6 |  6.9
Shields        | 4 5 6 7 8 9 10 11 13 14 | 14.8
Armour         | 4 5 6 7 9 10 11 12 14 15 | 15.2
Polearms       | 1 4 6 8 9 10 11 12 13 | 13.1
Throwing       | 2 3 4 5 6 |  6.1
Invocations    | 4 5 7 8 9 |  9.4
Short Blades   | 6 |  6.9
Unarmed Combat | |  0.2

Action                   |  1- 3 |  4- 6 |  7- 9 | 10-12 | 13-15 | 16-18 || total
-------------------------+-------+-------+-------+-------+-------+-------++-------
Melee: War axe           |   162 |   130 |    12 |       |       |       ||   304
       Spear             |       |       |   267 |   505 |   964 |   532 ||  2268
       Unarmed           |       |       |       |       |     1 |       ||     1
       Rapier            |       |       |       |       |       |   292 ||   292
Throw: Dart              |       |       |    34 |    67 |   161 |    74 ||   336
       Throwing net      |       |       |     1 |       |     1 |     2 ||     4
       Javelin           |       |       |       |     4 |    48 |    76 ||   128
Invok: Minor Destruction |       |       |       |     2 |     8 |    18 ||    28
       Lesser Servant of |       |       |       |       |    23 |    14 ||    37
 Abil: Heal Wounds       |       |     3 |    10 |    16 |    10 |    48 ||    87
Evoke: Wand              |       |    18 |     2 |    36 |    12 |    15 ||    83
       Piece from Xom's  |       |       |       |       |     1 |    10 ||    11
       Phial of floods   |       |       |       |       |     1 |     3 ||     4
  Use: Scroll            |       |     8 |     3 |     3 |    10 |     6 ||    30
       Potion            |       |       |     3 |     2 |    11 |    22 ||    38
 Stab: Paralysed         |       |       |       |    15 |       |       ||    15
       Invisible         |       |       |       |     1 |    11 |     2 ||    14
       Distracted        |       |       |       |       |     7 |     1 ||     8
       Held in net/web   |       |       |       |       |     1 |     1 ||     2
Armor: Scale mail        |     9 |       |       |       |       |       ||     9
       Chain mail        |    65 |    62 |    70 |    79 |   186 |   227 ||   689
       Skin              |       |       |    19 |       |       |       ||    19
Dodge: Dodged            |    47 |    49 |    60 |    85 |   139 |   169 ||   549
Block: Buckler           |    79 |    81 |   144 |   156 |   283 |   173 ||   916
       Reflection        |     3 |     1 |     8 |     9 |     9 |    27 ||    57
       Kite shield       |       |       |       |       |       |   311 ||   311
